 Dungeon Sprint DCSS version bcrawl-1.21.3 (webtiles) character file.

Game seed: 10715892420003944048

1 DavidChitty2 the Skirmisher (level 1, 2/18 HPs)
             Began as a Demonspawn Abyssal Knight on Apr 6, 2020.
             Was a Follower of Lugonu.
             Quit the game in the Dungeon (Sprint VII: "The Pits").
             The game lasted 00:00:29 (62 turns).

DavidChitty2 the Skirmisher (DsAK)                    Turns: 62, Time: 00:00:29

Health: 2/18       AC:  3    Str: 12    XL:     1   Next: 16%
Magic:  2/2        EV: 11    Int: 13    God:    Lugonu [*.....]
Gold:   0          SH:  0    Dex: 12    Spells: 0/0 levels left

rFire    . . .     SeeInvis .   b - +2 trident
rCold    . . .     Gourm    .   (no shield)
rNeg     . . .     Faith    .   l - +0 leather armour
rPois    .         Spirit   .   (no helmet)
rElec    .         Reflect  .   (no cloak)
rCorr    .         Harm     .   (no gloves)
MR       .....     NoTele   +   (no boots)
Stlth    +.........             (no amulet)
HPRegen  0.06/turn              (no ring)
MPRegen  0.08/turn              (no ring)

@: lethally poisoned (2 -> -2)
A: no striking features
a: Bend Space, Renounce Religion


You were in the Dungeon.
You worshipped Lugonu.
Lugonu was aware of your devotion.
You were not hungry.

You visited 1 branch

Inventory:

Hand Weapons
 a - a +1 spear
 b - a +2 trident (weapon)
Missiles
 c - 10 tomahawks of dispersal (quivered)
 d - 50 stones
Armour
 l - a +0 leather armour (worn)
Scrolls
 k - a scroll of blinking
 n - 2 scrolls of vulnerability
 o - 3 scrolls of remove curse
 p - 5 scrolls of amnesia
 q - a scroll of summoning
Potions
 f - a potion of curing
 g - a potion of heal wounds
 h - a potion of haste
 i - 4 potions of magic
 j - 3 potions of berserk rage
 m - 2 potions of invisibility
Comestibles
 e - 9 rations {!d}


   Skills:
 + Level 3.4 Fighting
 + Level 1.9 Polearms
 + Level 0.8 Throwing
 + Level 1.9 Armour
 + Level 0.8 Dodging
 + Level 2.8 Invocations


You couldn't memorise any spells.
You didn't know any spells.
Your spell library was empty.

Dungeon Overview and Level Annotations

Branches:
Dungeon (1/1)

Altars:
Ashenzari
Cheibriados
Dithmenos
Elyvilon
Fedhas
Gozag
Hepliaklqana
Kikubaaqudgha
Lugonu
Makhleb
Nemelex Xobeh
Okawaru
Qazlal
Ru
Sif Muna
Trog
Uskayaw
Vehumet
Wu Jian
Xom
Yredelemnul
Zin
The Shining One
Beogh
Jiyva


Message History

The adder is severely wounded.
The goblin shouts!
The adder bites you. The adder bites you but does no damage.
The goblin closely misses you.
You barely miss the adder.
The adder is severely wounded.
The adder bites you. The goblin misses you.
You hit the adder.
The adder is severely wounded.
The adder bites you. x2
* * * LOW HITPOINT WARNING * * *
You are poisoned.
The adder poisons you! The goblin hits you.
* * * LOW HITPOINT WARNING * * *
You are too injured to fight recklessly!
You are too injured to fight recklessly!
You are too injured to fight recklessly!
No path to travel!
No path to travel!
Are you sure you want to abandon this character and quit the game? (Confirm with "yes".)

############
#_________.#
#_________.#
#_______...###########++
##########'##...........
#..|.')))'.##......#..#.
##########.##...........
#..........)'...........
+#####@#####......#..#.
#.gS+ #........... #...#
####'#####++ #####
#.......# #.......#
#.......# #...<...#
#.......# #.......#


You could see an adder and a goblin.

Vanquished Creatures
  A hobgoblin (D)
1 creature vanquished.

Notes
Turn   | Place    | Note
-------+----------+-------------------------------------------
     0 | D        | DavidChitty2 the Demonspawn Abyssal Knight began the quest
                  | for the Orb.
     0 | D        | Reached XP level 1. HP: 18/18 MP: 2/2
    42 | D        | Found a glowing golden altar of the Shining One.
    42 | D        | Found a glowing silver altar of Zin.
    42 | D        | Found a basalt altar of Yredelemnul.
    42 | D        | Found a shimmering altar of Xom.
    42 | D        | Found an ornate altar of the Wu Jian Council.
    42 | D        | Found a bloodstained altar of Trog.
    42 | D        | Found a shimmering blue altar of Sif Muna.
    42 | D        | Found a sacrificial altar of Ru.
    42 | D        | Found a stormy altar of Qazlal.
    42 | D        | Found an iron altar of Okawaru.
    42 | D        | Found a sparkling altar of Nemelex Xobeh.
    42 | D        | Found a burning altar of Makhleb.
    42 | D        | Found a viscous altar of Jiyva.
    42 | D        | Found a hazy altar of Hepliaklqana.
    42 | D        | Found an opulent altar of Gozag.
    42 | D        | Found a blossoming altar of Fedhas.
    42 | D        | Found a white marble altar of Elyvilon.
    42 | D        | Found a shadowy altar of Dithmenos.
    42 | D        | Found a snail-covered altar of Cheibriados.
    44 | D        | Found a radiant altar of Vehumet.
    44 | D        | Found a corrupted altar of Lugonu.
    44 | D        | Found a roughly hewn altar of Beogh.
    45 | D        | Found a hide-covered altar of Uskayaw.
    45 | D        | Found an ancient bone altar of Kikubaaqudgha.
    45 | D        | Found a shattered altar of Ashenzari.
    62 | D        | Quit the game

Action                   || total
-------------------------++-------
Melee: Trident           ||     4
       Spear             ||     1
Armor: Leather armour    ||     1
Dodge: Dodged            ||     5
